 Dungeon Crawl Stone Soup version 0.29-a0-700-g2f1814c7b2 (webtiles) character file.

Game seed: 11646341990065182974

136 porpoise the Shooter (level 5, -2/32 HPs)
             Began as a Tengu Hunter on June 26, 2022.
             Was an Initiate of Hepliaklqana.
             Slain by an iron imp (8 damage)
             ... summoned by Eustachio
             ... on level 4 of the Dungeon.
             The game lasted 00:14:23 (3034 turns).

porpoise the Shooter (Tengu Hunter)                 Turns: 3034, Time: 00:14:24

Health: -2/32      AC:  7    Str: 13    XL:     5   Next: 19%
Magic:  6/6        EV: 11    Int: 10    God:    Hepliaklqana [......]
Gold:   49         SH:  0    Dex: 17    Spells: 4/4 levels left

rFire   + . .      SeeInvis .   l - +0 short sword (speed)
rCold   . . .      Faith    .   (no shield)
rNeg    . . .      Spirit   .   j - +0 scale mail
rPois   +          Reflect  .   (helmet restricted)
rElec   .          Harm     .   y - scarf {repulsion}
rCorr   .          Rampage  .   z - +0 pair of gloves
Will    .....                   (boots unavailable)
Stlth   ..........              (no amulet)
HPRegen 0.10/turn               t - ring of poison resistance
MPRegen 0.10/turn               n - ring of protection from fire

@: flying quickly and evasively, repel missiles, quick
A: beak, talons 3, nimble flight
a: Renounce Religion


You were on level 4 of the Dungeon.
You worshipped Hepliaklqana.
Hepliaklqana was noncommittal.
You visited 1 branch of the dungeon, and saw 4 of its levels.

You collected 49 gold pieces.

Inventory:

Hand Weapons
 a - a +2 shortbow
 l - a +0 short sword of speed (weapon)
Missiles
 b - 4 silver javelins
 f - 8 poisoned darts
 A - a boomerang
Armour
 j - a +0 scale mail (worn)
 y - a scarf of repulsion (worn)
 z - a +0 pair of gloves (worn)
Jewellery
 n - a ring of protection from fire (right hand)
 r - a ring of positive energy
 t - a ring of poison resistance (left hand)
Scrolls
 c - 2 scrolls of immolation
 g - a scroll of blinking {unknown}
 k - a scroll of teleportation {unknown}
 m - a scroll of fear
 p - a scroll of amnesia
 q - a scroll of torment {unknown}
 s - a scroll of poison
 u - a scroll of silence {unknown}
 v - a scroll of enchant weapon
 w - a scroll of enchant armour {unknown}
 x - a scroll of summoning {unknown}
 C - a scroll of identify
Potions
 d - 3 potions of mutation
 e - a potion of ambrosia
 h - 5 potions of attraction
 i - a potion of might
 o - 3 potions of curing
 B - a potion of magic


   Skills:
 + Level 3.3 Fighting
 * Level 6.2 Bows
 - Level 2.1 Dodging
 + Level 1.0 Stealth


You had 4 spell levels left.
You didn't know any spells.
Your spell library contained the following spells:

 Spells                   Type           Power      Damage    Failure   Level
 Inner Flame              Hex/Fire       0%         N/A       99%         3
 Cause Fear               Hex            0%         N/A       100%        4
 Discord                  Hex            0%         N/A       100%        8


Dungeon Overview and Level Annotations

Branches:
Dungeon (4/15)
 Temple: D:4-7

Altars:
Ashenzari
Gozag
Hepliaklqana
Kikubaaqudgha
Qazlal
Uskayaw
Xom
The Shining One

Annotations:
D:4 Eustachio


Innate Abilities, Weirdness & Mutations

You have a beak for a mouth.
You have claws for feet.
Your magical nature lets you fly swiftly and evasively.


Message History

Really attack while wielding your +2 shortbow? [Y]es or [N]o only, please.
Really attack while wielding your +2 shortbow?
Okay, then.
Shoot: a) +2 shortbow
Press: ? - help, Q - select action, (/) - cycle Shift-Dir - straight line, f/p - Eustachio
Aim: Eustachio, wielding a +3 falchion and wearing a +0 leather armour (moderately wounded, 57% to hit)
You shoot an arrow. The arrow hits the white imp.
The white imp is almost dead.
The white imp hits you. The white imp freezes you.
* * * LOW HITPOINT WARNING * * *
The iron imp hits you but does no damage.
The white imp closely misses you.
Unknown command.
Your hands tingle!
l - a +0 short sword of speed (weapon)
The iron imp closely misses you.
You hit the iron imp but do no damage. You claw the iron imp.
The iron imp is severely wounded.
The white imp sputters.
The white imp gestures at you.
The puff of frost is repelled.
You hit the white imp.
You kill the white imp!
The white imp disappears in a puff of smoke!
The bat hits you but does no damage. The iron imp barely misses you.
You hit the iron imp. Your kick misses the iron imp.
You peck the iron imp, but do no damage.
The iron imp is almost dead.
The bat hits you but does no damage. The bat barely misses you.
The iron imp closely misses you.
You closely miss the bat. Your kick misses the bat. You peck the bat.
The bat is heavily wounded.
The bat hits you.
* * * LOW HITPOINT WARNING * * *
The bat barely misses you.
You hit the iron imp but do no damage.
The iron imp is almost dead.
The bat closely misses you. The iron imp hits you!
You die...

.# .# .# .# #.. #.# ##
#.# . #.# ######### #.
#.# #@b@b.... #.#
#.####5####### #...##
#.#.##.# .
#.######....#.###### .#
#....................
.###.##.......(#########
#...###.#####.## ##.##
#.# #.# ##.# #.# #.#


You could see Eustachio, an iron imp (summoned) and 2 bats.

Vanquished Creatures
  An orc priest (D:3)
  3 adders
  2 worms
  A dart slug (D:2)
  5 orcs (D:3)
  4 endoplasms
  2 giant cockroaches
  8 goblins
  6 hobgoblins
  9 kobolds
  4 quokkas
  9 ball pythons
  4 bats
  3 frilled lizards
  2 rats
63 creatures vanquished.

Notes
Turn   | Place    | Note
-------+----------+-------------------------------------------
     0 | D:1      | porpoise the Tengu Hunter began the quest for the Orb.
     0 | D:1      | Reached XP level 1. HP: 12/12 MP: 2/2
   105 | D:1      | Reached XP level 2. HP: 17/17 MP: 3/3
   118 | D:1      | Found a faded altar of an unknown god.
   256 | D:1      | Reached skill level 5 in Bows
   396 | D:1      | Reached XP level 3. HP: 15/22 MP: 4/4
  1010 | D:2      | Found a broken altar of Ashenzari.
  1567 | D:3      | Reached XP level 4. HP: 23/27 MP: 5/5
  2150 | D:3      | Found a shimmering altar of Xom.
  2154 | D:3      | Found a hide-covered altar of Uskayaw.
  2417 | D:3      | Reached skill level 6 in Bows
  2417 | D:3      | Gained mutation: Your magical nature lets you fly swiftly
                  | and evasively. [Tengu growth]
  2417 | D:3      | Reached XP level 5. HP: 25/32 MP: 6/6
  2526 | D:3      | Found an ancient bone altar of Kikubaaqudgha.
  2528 | D:3      | Found an opulent altar of Gozag.
  2537 | D:3      | Found a glowing golden altar of the Shining One.
  2539 | D:3      | Found a stormy altar of Qazlal.
  2540 | D:3      | Found a hazy altar of Hepliaklqana.
  2574 | D:3      | Became a worshipper of Hepliaklqana the Forgotten
  3012 | D:4      | Noticed Eustachio
  3034 | D:4      | Slain by an iron imp

Illustrated notes

Levels and vault maps discovered:
D:1:      sevenhm_arrival_forest_fort_large_2, layout_rooms,
          shapermc_ecumenical_altar_mp_highgroup, grunt_decor_one_mirror,
          minmay_misc_feat_x
D:2:      layout_basic, basic_altar
D:3:      layout_basic, nicolae_overflow_hallway_of_the_gods
D:4:      layout_loops_ring, serial_shops, nicolae_shop_hallway_plus,
          kennysheep_little_box, uniq_duvessa, uniq_eustachio,
          uniq_crazy_yiuf_cottage

Skill      XL: |  1  2  3  4 |
---------------+-------------+-----
Bows           | 5 6 |  6.2
Fighting       | 3 |  3.3
Dodging        | |  2.1
Stealth        | |  1.0

Action                   |  1- 3 |  4- 6 || total
-------------------------+-------+-------++-------
Melee: Short sword       |       |    27 ||    27
       Kick              |       |     7 ||     7
       Peck              |       |     7 ||     7
 Fire: Shortbow          |   101 |    72 ||   173
  Use: Scroll            |     6 |     5 ||    11
       Potion            |       |     3 ||     3
Armor: Scale mail        |    31 |    50 ||    81
       Leather armour    |     2 |       ||     2
Dodge: Dodged            |    19 |    44 ||    63
       Repelled          |       |     1 ||     1

Table legend: (Time is in decaauts)
 A = Elapsed time spent in this place.
 B = Non-inter-level travel time spent in this place.
 C = Inter-level travel time spent in this place.
 D = Time resting spent in this place.
 E = Time spent auto-exploring this place.
 F = Levels seen in this place.
 G = Mean time per level.
                   A        B        C        D        E       F      G
               +--------+--------+--------+--------+--------+-----+--------+
         Total |   3052 |   2971 |     81 |    409 |   1991 |   4 |  763.0 |
       Dungeon |   3052 |   2971 |     81 |    409 |   1991 |   4 |  763.0 |
               +--------+--------+--------+--------+--------+-----+--------+

Top non-repeatable levels by time:
     D:3: 1273 daAuts
     D:1: 839 daAuts
     D:2: 688 daAuts
     D:4: 250 daAuts
